Map: White Rabbit LE

Players

Kimchi - Winner!

  • Race: Terran Terran
  • League: Diamond
  • Spawn Location: 7:00

A.I. 1 (Easy)

  • Race: Protoss Protoss
  • Spawn Location: 1:00

VOD

Have the link to the VOD?

Description

Time

  • Played on: April 24, 2026, 8 p.m.
  • Length: 6:11
Show
View Real Time Build Order
Export as new Build Order

Kimchi Terran - Winner!

Build Orders:  

Get SALT Encoding   

  12  0:00  SCV  
  13  0:12  SCV  
  14  0:17  Supply Depot  
  14  0:24  SCV  
  15  0:39  SCV, Barracks  
  16  0:44  Refinery  
  16  0:51  SCV  
  17  1:03  SCV  
  18  1:15  SCV  
  19  1:27  Orbital Command  
  19  1:34  Barracks Tech Lab  
  19  1:46  Command Center  
  19  1:53  Marauder  
  21  1:54  Concussive Shells  
  21  2:02  Supply Depot  
  21  2:12  SCV  
  22  2:24  Marauder, SCV  
  22  2:28  Barracks  
  25  2:33  Barracks  
  25  2:36  SCV  
  26  2:44  Marine  
  26  2:45  Stimpack  
  26  2:48  SCV  
  28  2:54  Supply Depot  
  28  2:58  Orbital Command  
  28  3:02  SCV  
  28  3:03  Marine  
  30  3:14  SCV  
  30  3:17  Supply Depot  
  31  3:20  Barracks Reactor  
  31  3:22  Barracks Tech Lab  
  31  3:25  SCV  
  31  3:26  SCV  
  33  3:28  Marine  
  34  3:37  SCV  
  34  3:38  SCV  
  36  3:42  Combat Shield  
  36  3:43  Marine  
  37  3:50  SCV x2, Refinery  
  37  3:53  Supply Depot  
  37  3:55  Marine  
  40  3:57  Marine x2  
  40  4:01  Marauder  
  44  4:03  SCV  
  44  4:04  SCV  
  44  4:07  Refinery  
  46  4:12  Marine  
  46  4:15  Marine, SCV  
  46  4:16  SCV  
  50  4:21  Marine  
  51  4:26  Factory  
  51  4:27  SCV  
  51  4:28  SCV  
  51  4:29  Marine  
  51  4:30  Marine  
  55  4:38  Supply Depot, Engineering Bay  
  55  4:39  SCV  
  55  4:40  SCV  
  55  4:43  Marine  
  58  4:50  Marine, Marauder x2  
  58  4:51  SCV  
  64  4:52  SCV  
  65  5:01  Marine  
  65  5:03  Command Center, SCV  
  67  5:10  Starport, Factory Reactor  
  67  5:16  Marine x3  
  70  5:23  Marine  
  70  5:27  Barracks  
  70  5:28  SCV  
  70  5:29  Barracks, SCV  
  70  5:34  Marine  
  72  5:40  Marine x2  
  72  5:41  SCV  
  77  6:03  Refinery  
Show
View Real Time Build Order
Export as new Build Order

A.I. 1 (Easy) Protoss 

Build Orders:  

Get SALT Encoding   

  12  0:00  Probe  
  13  0:13  Probe  
  14  0:19  Pylon  
  14  0:25  Probe  
  15  0:33  Probe  
  15  0:41  Gateway  
  16  0:44  Assimilator  
  16  0:54  Pylon  
  16  1:17  Assimilator  
  16  1:23  Zealot  
  18  1:32  Cybernetics Core  
  18  1:45  Probe  
  19  1:57  Pylon  
  19  1:59  Probe  
  19  2:00  Warp Gate  
  20  2:07  Probe  
  20  2:09  Adept  
  20  2:15  Probe  
  24  2:27  Probe  
  25  2:36  Stalker  
  25  2:39  Probe  
  28  3:06  Adept  
  30  5:15  Probe  
  30  5:18  Sentry  
  30  5:21  Pylon  
  33  5:23  Probe  
  26  5:28  Robotics Facility  
  26  5:33  Probe  
  27  5:40  Pylon  
  27  5:41  Zealot  
  25  5:43  Pylon  
  25  5:45  Probe  
  10  5:57  Probe  
  2  6:04  Stalker  
Tags
 
Add a new tag
Caveats
  • Supply blocks, unpowered buildings, or Contaminate may cause inaccurate times.
  • Supply counts are checked every 10 seconds.